Description

maru tvz

VOD

https://youtu.be/yq8tQB9i_D0

Replay - Dark v Maru: Game 7 - [ESL] Stargazers

Build Order

Get SALT Encoding   

  12  0:00  SCV  
  13  0:12  SCV  
  14  0:18  Supply Depot  
  14  0:24  SCV  
  15  0:40  Barracks  
  15  0:50  Barracks  
  15  0:53  SCV  
  16  1:04  Refinery  
  16  1:06  SCV  
  17  1:18  SCV  
  18  1:27  Marine  
  18  1:30  Orbital Command  
  19  1:36  Supply Depot  
  19  1:38  Marine  
  20  1:44  Marine  
  21  1:50  Bunker  
  21  1:56  SCV  
  21  1:57  Marine  
  23  2:02  Marine  
  24  2:09  SCV  
  25  2:16  Factory  
  25  2:20  Bunker  
  25  2:21  Marine x2  
  26  2:28  SCV  
  27  2:37  Supply Depot  
  27  2:40  SCV  
  28  2:47  Marine  
  30  3:00  Starport, Factory Reactor  
  32  3:22  Command Center  
  32  3:31  Refinery  
  33  3:36  Supply Depot  
  33  3:39  Medivac  
  35  3:46  Hellion  
  38  3:58  Hellion  
  40  4:13  Hellion  
  43  4:19  Viking  
  43  4:20  Hellion  
  47  4:27  Supply Depot  
  47  4:29  Barracks Tech Lab  
  42  4:46  Orbital Command  
  42  4:51  Stimpack, Marine  
  44  4:55  Orbital Command  
  44  4:58  Starport Reactor  
  45  5:01  Barracks x2  
  45  5:05  Factory Tech Lab  
  45  5:09  Engineering Bay  
  46  5:26  Siege Tank  
  52  5:41  Marine  
  52  5:45  Terran Infantry Weapons Level 1  
  53  5:50  Starport Reactor  
  53  5:51  Refinery  
  59  5:59  Siege Tank  
  74  6:30  Medivac x2  
  79  6:44  Command Center  
  80  6:52  Combat Shield  
  81  6:58  Refinery  
  85  7:04  Barracks  
  86  7:14  Siege Tank  
  94  7:30  Barracks Tech Lab  
  95  7:39  Terran Infantry Armor Level 1  
  95  7:42  Marauder  
  94  7:46  Siege Tank  
  94  7:47  Medivac  
  97  7:56  Orbital Command, Barracks Reactor  
  98  8:00  Medivac  
  100  8:07  Marauder  
  108  8:18  Marauder  
  115  8:30  Armory  
  115  8:32  Engineering Bay  
  116  8:37  Marauder  
  125  8:52  Command Center  
  130  8:55  Marauder x2  
  130  8:59  Siege Tank  
  130  9:02  Refinery x2  
  136  9:16  Factory  
  140  9:17  Marauder  
  140  9:21  Terran Infantry Weapons Level 2, Terran Vehicle Weapons Level 1  
  139  9:30  Medivac x2  
  150  9:31  Siege Tank  
  154  9:41  Terran Infantry Armor Level 2  
Spawning Tool Build Advisor. Get it on Overwolf

Go to:

Details

  • Created by: neoaer
  • Published on: Sep 18, 2022
  • Modified on: Sep 18, 2022
  • Patch: 4.11.0
  • Difficulty: Medium
Show
View Real Time Build Order
Export as new Build Order

Comments (0)

There are no comments. Be the first!

Create an account to comment!